 Dungeon Crawl Stone Soup version 0.30-a0-42-g806c11bf1d (webtiles) character file.

Game seed: 5130638630091926551

4803 SensoryNuts the Carver (level 10, 0/84 HPs)
             Began as a Minotaur Fighter on Aug 30, 2022.
             Slain by a wyvern (4 damage)
             ... on level 9 of the Dungeon.
             The game lasted 00:08:08 (8946 turns).

SensoryNuts the Carver (Minotaur Fighter)           Turns: 8946, Time: 00:08:09

Health: 0/84       AC:  8    Str: 21    XL:     10   Next: 24%
Magic:  9/9        EV: 12    Int:  5    God:
Gold:   439        SH:  0    Dex: 20    Spells: 9/9 levels left

rFire   . . .      SeeInvis .    u - +4 long sword
rCold   . . .      Faith    .    n - orb {light}
rNeg    . . .      Spirit   .    b - +0 scale mail
rPois   .          Reflect  .    (helmet restricted)
rElec   .          Harm     .    (no cloak)
rCorr   .          Rampage  .    (no gloves)
Will    .....                    (no boots)
Stlth   +.........               (no amulet)
HPRegen 0.24/turn                e - +6 ring of dexterity
MPRegen 0.11/turn                (no ring)

@: about to teleport, slowed, glowing, very slow
A: horns 2, retaliatory headbutt
a: no special abilities


You were on level 9 of the Dungeon.
You visited 2 branches of the dungeon, and saw 10 of its levels.
You also visited: Sewer.

You collected 439 gold pieces.

Inventory:

Hand Weapons
 l - the +7 dagger "Lyguv" {flame, Will+ Dex+2}
   (You found it on level 3 of the Dungeon)

   It burns those it strikes, dealing additional fire damage.
   Dex:       It affects your dexterity (+2).
   Will:      It increases your willpower.
 u - a +4 long sword (weapon)
Armour
 b - a +0 scale mail (worn)
 n - an orb of light (worn)
Jewellery
 d - a ring of flight
 e - a +6 ring of dexterity (left hand)
 i - a ring of positive energy
 t - an amulet of regeneration
Wands
 j - a wand of iceblast (7)
 r - a wand of light (10)
Scrolls
 m - 4 scrolls of identify
 o - 2 scrolls of teleportation
 q - a scroll of poison
 v - a scroll of magic mapping
 w - a scroll of amnesia
Potions
 a - a potion of invisibility
 g - 4 potions of magic
 h - 4 potions of degeneration
 k - 2 potions of brilliance
 x - 2 potions of haste


   Skills:
 + Level 6.4 Fighting
 * Level 13.3 Long Blades
 + Level 8.7 Armour
 + Level 4.4 Dodging
 + Level 1.3 Stealth
 + Level 6.4 Shields


You had 9 spell levels left.
You didn't know any spells.
Your spell library contained the following spells:

 Spells                   Type           Power      Damage    Failure   Level
 Apportation              Tloc           0%         N/A       77%         1
 Necrotise                Necr           0%         1d4       77%         1
 Summon Small Mammal      Summ           0%         N/A       77%         1
 Ozocubu's Armour         Ice            0%         N/A       98%         3
 Animate Dead             Necr           0%         N/A       100%        4
 Borgnjor's Vile Clutch   Necr/Erth      0%         N/A       100%        5
 Metabolic Englaciation   Hex/Ice        0%         N/A       100%        5
 Death Channel            Necr           0%         N/A       100%        6
 Simulacrum               Ice/Necr       0%         N/A       100%        6


Dungeon Overview and Level Annotations

Branches:
Dungeon (9/15)             Temple (1/1) D:5           Sewer (visited)
   Lair: D:8-11         Orc: D:9-12

Altars:
Cheibriados
Dithmenos
Fedhas
Hepliaklqana
Kikubaaqudgha
Makhleb
Nemelex Xobeh
Okawaru
Ru
Sif Muna
Trog
Wu Jian
Xom
Zin
The Shining One

Shops:
D:5 *   D:6 :   D:8 ?


Innate Abilities, Weirdness & Mutations

You have a pair of horns on your head.
You reflexively headbutt those who attack you in melee.


Message History

You hit the wyvern.
The wyvern is moderately wounded.
You feel sick. The wyvern bites you!
* * * LOW HITPOINT WARNING * * *
The kobold brigand hits you with a +0 whip.
* * * LOW HITPOINT WARNING * * *
The wyvern bites you.
* * * LOW HITPOINT WARNING * * *
You feel better. The wyvern bites you!
* * * LOW HITPOINT WARNING * * *
The kobold brigand hits you with a +0 whip.
* * * LOW HITPOINT WARNING * * *
The wyvern bites you!
* * * LOW HITPOINT WARNING * * *
The kobold brigand hits you with a +0 whip.
* * * LOW HITPOINT WARNING * * *
As you read the scroll of fear, it crumbles to dust.
You assume a fearsome visage.
The kobold looks frightened!
The kobold brigand looks frightened! x2
The kobold brigand resists with some effort.
The wyvern looks frightened!
Okay, then.
Okay, then.
Blink to where?
Press: ? - help, Dir - move target, p - kobold brigand
As you read the scroll of blinking, it crumbles to dust.
As you read the scroll of teleportation, it crumbles to dust.
You feel strangely unstable.
Cornered, the wyvern turns to fight!
As you read the scroll of fog, it crumbles to dust.
The scroll dissolves into smoke.
The wyvern barely misses you. The wyvern closely misses you.
As you open the door, it creaks loudly!
Your surroundings seem slightly different.
Found a scroll of identify.
Found a stone staircase leading down.
As you read the scroll of teleportation, it crumbles to dust.
You feel strangely unstable. The wyvern bites you.
* * * LOW HITPOINT WARNING * * *
The wyvern attacks as you move away! The wyvern closely misses you.
The wyvern bites you.
You die...

#.K #.. #K. #K. #K###
#.).## ###+####
###).# #......#####
###'### #...@l>K.K§#
#....[#
#.....?###§####.###.#
#......# #.§..K.#....
+......# ######K#####
#......# #...#..
#......# ###.#.#
#......# #......
#......# ##'#### #.#


You could see a wyvern, a kobold brigand and a kobold.

Vanquished Creatures
  Pikel (D:8)
  Grinder (Sewer)
  A wyvern (D:8)
  4 yaks (D:8)
  A steam dragon (D:7)
  3 sky beasts
  An orc warrior (D:8)
  3 black bears
  2 ogres (D:6)
  2 centaurs
  A lemure (D:8)
  2 phantoms
  7 kobold brigands
  2 bullfrogs
  A scorpion (D:5)
  3 necrophages
  A wight (Sewer)
  6 killer bees (D:7)
  5 hounds
  4 orc priests
  3 gnoll boudas
  6 orc wizards
  3 iguanas (D:5)
  14 gnolls
  6 adders
  5 shadow imps
  10 ufetubi
  An adder zombie (Sewer)
  4 worms
  A dart slug (D:1)
  27 orcs
  2 bat zombies (Sewer)
  11 endoplasms
  3 giant cockroaches
  10 goblins
  2 hobgoblins
  12 jackals
  28 kobolds
  3 quokkas
  7 ball pythons
  8 bats
  5 frilled lizards
  2 kobold zombies (Sewer)
  4 rats
228 creatures vanquished.

Vanquished Creatures (others)
  An orc (D:5)
1 creature vanquished.

Grand Total: 229 creatures vanquished

Notes
Turn   | Place    | Note
-------+----------+-------------------------------------------
     0 | D:1      | SensoryNuts the Minotaur Fighter began the quest for the
                  | Orb.
     0 | D:1      | Reached XP level 1. HP: 19/19 MP: 0/0
   254 | D:1      | Reached XP level 2. HP: 24/27 MP: 1/1
   275 | D:1      | Found a faded altar of an unknown god.
   376 | D:1      | Reached skill level 3 in Long Blades
   602 | D:2      | Reached XP level 3. HP: 32/33 MP: 2/2
   667 | D:2      | Identified the -2 helmet "Xoene" {-Cast Harm rF++}
  1118 | D:3      | Identified the +7 dagger "Lyguv" {flame, Will+ Dex+2}
  1141 | D:3      | Found a blossoming altar of Fedhas.
  1241 | D:3      | Reached XP level 4. HP: 37/40 MP: 3/3
  1248 | D:3      | Noticed a kobold brigand
  1261 | D:3      | Noticed a kobold brigand
  1263 | D:3      | Killed a kobold brigand
  1264 | D:3      | Reached skill level 4 in Long Blades
  1264 | D:3      | Reached XP level 5. HP: 39/46 MP: 4/4
  1270 | D:3      | Reached skill level 5 in Long Blades
  2428 | D:4      | Reached XP level 6. HP: 52/52 MP: 5/5
  2509 | D:4      | Reached skill level 6 in Long Blades
  2804 | D:4      | Reached skill level 5 in Armour
  2929 | D:4      | Reached skill level 1 in Dodging
  3033 | D:4      | Found a hazy altar of Hepliaklqana.
  3399 | D:5      | Entered Level 5 of the Dungeon
  3470 | D:5      | Reached skill level 7 in Long Blades
  3470 | D:5      | Reached XP level 7. HP: 49/60 MP: 6/6
  3785 | D:5      | Found Putrai's Mayhem Merchandise.
  4204 | D:5      | Found a staircase to the Ecumenical Temple.
  4213 | Temple   | Entered the Ecumenical Temple
  4218 | D:5      | Reached skill level 5 in Fighting
  4218 | D:5      | Reached skill level 8 in Long Blades
  4218 | D:5      | Reached skill level 5 in Shields
  4305 | D:5      | Found a bloodstained altar of Trog.
  4305 | D:5      | Found an iron altar of Okawaru.
  4400 | D:5      | Reached XP level 8. HP: 48/68 MP: 7/7
  5150 | D:6      | Found a glowing drain.
  5177 | Sewer    | Entered a sewer
  5271 | Sewer    | Reached skill level 9 in Long Blades
  5354 | Sewer    | Found an ancient bone altar of Kikubaaqudgha.
  5598 | Sewer    | Noticed Grinder
  5610 | Sewer    | Killed Grinder
  5661 | Sewer    | Reached skill level 10 in Long Blades
  5873 | D:6      | Reached skill level 1 in Stealth
  6228 | D:6      | Found Keopsoxt's Vocational Training.
  6439 | D:6      | Reached XP level 9. HP: 68/74 MP: 8/8
  7020 | D:7      | Reached skill level 11 in Long Blades
  7468 | D:7      | Found a burning altar of Makhleb.
  7862 | D:8      | Found an ancient bone altar of Kikubaaqudgha.
  7879 | D:8      | Found a shadowy altar of Dithmenos.
  7984 | D:8      | Noticed Pikel
  7991 | D:8      | Killed Pikel
  7992 | D:8      | Reached skill level 12 in Long Blades
  8354 | D:8      | Reached XP level 10. HP: 73/84 MP: 9/9
  8417 | D:8      | Found Jur Waivero's Magic Scroll Shop.
  8557 | D:8      | Reached skill level 13 in Long Blades
  8939 | D:9      | HP: 4/84 [kobold brigand/+0 whip (3)]
  8945 | D:9      | HP: 4/84 [wyvern (2)]
  8946 | D:9      | Slain by a wyvern

Illustrated notes

Levels and vault maps discovered:
D:1:      dpeg_arrival_arbitrary_c, layout_rooms,
          hellmonk_ecumenical_altar_dog_temple, nicolae_titane
D:2:      layout_rooms
D:3:      cheibrodos_thug_alley, layout_loops_ring, lemuel_crystal_altar
D:4:      layout_gridville, mainiacjoe_overflow_boulevard
D:5:      layout_gridville, grunt_temple_overflow_bloody_war,
          minmay_temple_entry_hall, minmay_shop_mayhem
D:6:      layout_basic, cheibrodos_sewer_entry_sluice, nicolae_shop_vocational
D:7:      layout_basic, bloody_makhleb
D:8:      layout_loops_corners, nicolae_dithmenos_shadow_blocks,
          lemuel_tele_altar, serial_shops, nicolae_shop_hallway_plus,
          lightli_orcish_oven, uniq_pikel
D:9:      layout_roguey [special_room_kobold], mainiacjoe_overflow_24_doors,
          amcnicky_altar_gilded, nicolae_vehumet_radiance
Temple:   hellmonk_temple_micro_hex

Skill      XL: |  1  2  3  4  5  6  7  8  9 10 |
---------------+-------------------------------+-----
Shields        | 4 5 6 |  6.4
Armour         | 4 5 6 8 |  8.7
Long Blades    | 3 4 5 7 8 10 12 13 | 13.3
Fighting       | 4 5 6 |  6.4
Dodging        | 1 2 3 4 |  4.4
Stealth        | 1 |  1.3

Action                   |  1- 3 |  4- 6 |  7- 9 | 10-12 || total
-------------------------+-------+-------+-------+-------++-------
Melee: Long sword        |   101 |    80 |   312 |    40 ||   533
       Headbutt          |    16 |    21 |    74 |    16 ||   127
  Use: Scroll            |     6 |     7 |     6 |     5 ||    24
       Potion            |       |     1 |     4 |     2 ||     7
Armor: Scale mail        |    51 |    42 |   133 |    13 ||   239
Dodge: Dodged            |    39 |    52 |   191 |    34 ||   316
Block: Buckler           |    37 |    30 |    92 |       ||   159

Table legend: (Time is in decaauts)
 A = Elapsed time spent in this place.
 B = Non-inter-level travel time spent in this place.
 C = Inter-level travel time spent in this place.
 D = Time resting spent in this place.
 E = Time spent auto-exploring this place.
 F = Levels seen in this place.
 G = Mean time per level.
                   A        B        C        D        E       F      G
               +--------+--------+--------+--------+--------+-----+--------+
         Total |   8997 |   8565 |    432 |    367 |   6869 |  11 |  817.9 |
       Dungeon |   8360 |   7928 |    432 |    345 |   6436 |   9 |  928.9 |
        Temple |      1 |      1 |      0 |      0 |      0 |   1 |    1.0 |
         Sewer |    635 |    635 |      0 |     22 |    433 |   1 |  635.0 |
               +--------+--------+--------+--------+--------+-----+--------+

Top non-repeatable levels by time:
     D:5: 1693 daAuts
     D:4: 1470 daAuts
     D:7: 1155 daAuts
     D:8: 1109 daAuts
     D:3: 895 daAuts
     D:6: 880 daAuts
   Sewer: 635 daAuts
     D:1: 608 daAuts
     D:2: 466 daAuts
     D:9: 80 daAuts
  Temple: 1 daAuts
